AoeStats
← ingeJOTHAS

Arabia

509795098Analyzed
3v3 RM · 3d ago on Sep 28, 2026· 88m 54s· 6 players
Game mode
Random Map
Map size
Normal (6 player)
Population
200
Speed
Normal
Resources
Standard
Victory
Conquest
Starting age
Dark Age
Ending age
Imperial Age
RankedLock teamsTeams togetherTeam positionsShared explorationLock speedFull tech treeHidden civsTurbo modeCheats
Victory
Defeat
🇵🇪 Khmer · Peru
688
+15
🇨🇴 Franks · Colombia
677
+16
🇲🇽 Celts · Mexico
626
+18
🇨🇴 Celts · Colombia
727
-19
🇲🇽 Franks · Mexico
720
-18
🇨🇴 Khmer · Colombia
575
-12
amstek
5:45 Loom
11:33 Feudal Age
12:05 Double-Bit Axe
19:47 Scale Barding Armor
19:54 Forging
29:28 Castle Age
30:42 Gold Mining
33:40 Iron Casting
33:28 Chain Barding Armor
33:03 Fletching
33:10 Pikeman
34:05 Bow Saw
35:48 Ballistics
36:27 Husbandry
39:29 Padded Archer Armor
39:26 Bodkin Arrow
44:36 Imperial Age
42:39 Murder Holes
44:58 Wheelbarrow
46:21 Chemistry
45:41 Town Watch
46:48 Cavalier
50:35 Hand Cart
59:43 Hand Cart
65:50 Caravan
66:20 Coinage
67:01 Gold Shaft Mining
76:46 Stone Mining
87:40 Paladin
danisteven1440
13:40 Feudal Age
16:20 Double-Bit Axe
19:03 Scale Barding Armor
20:38 Bloodlines
21:29 Gold Mining
21:34 Stone Mining
22:39 Horse Collar
25:00 Forging
31:06 Castle Age
35:04 Imperial Age
34:25 Wheelbarrow
34:38 Light Cavalry
35:26 Husbandry
36:38 Caravan
37:29 Iron Casting
38:28 Hussar
41:22 Conscription
42:15 Coinage
42:47 Heavy Plow
43:12 Bow Saw
44:06 Hand Cart
46:34 Gold Shaft Mining
46:35 Crop Rotation
46:43 Stone Shaft Mining
47:52 Banking
49:54 Double Crossbow
49:22 Elite Ballista Elephant
56:34 Blast Furnace
55:55 Chain Barding Armor
55:36 Padded Archer Armor
55:27 Fletching
59:51 Leather Archer Armor
59:31 Bodkin Arrow
68:29 Ballistics
69:10 Chemistry
68:18 Siege Engineers
69:50 Ring Archer Armor
juandasotoguerrero
12:41 Feudal Age
11:16 Loom
12:47 Man-at-Arms
13:39 Double-Bit Axe
15:56 Forging
17:21 Horse Collar
17:54 Scale Mail Armor
19:03 Scale Barding Armor
19:28 Town Watch
24:58 Castle Age
23:37 Wheelbarrow
25:03 Castle Age
22:59 Gold Mining
23:07 Stone Mining
27:15 Fletching
27:26 Padded Archer Armor
28:01 Iron Casting
27:48 Chain Barding Armor
27:44 Bow Saw
28:16 Light Cavalry
29:00 Husbandry
29:36 Crossbowman
32:19 Gold Shaft Mining
36:11 Bodkin Arrow
41:57 Town Patrol
42:16 Hand Cart
42:12 Heavy Plow
46:45 Imperial Age
47:13 Heavy Scorpion
47:16 Onager
47:38 Cavalier
49:22 Blast Furnace
48:46 Conscription
49:10 Paladin
65:06 Caravan
karzmoy
0:39 Loom
14:18 Feudal Age
15:20 Double-Bit Axe
15:19 Horse Collar
16:48 Wheelbarrow
21:28 Castle Age
19:40 Forging
19:31 Scale Mail Armor
19:41 Man-at-Arms
20:07 Arson
23:57 Long Swordsman
24:24 Gambesons
34:21 Hand Cart
39:04 Imperial Age
36:59 Heavy Plow
37:12 Bow Saw
36:57 Gold Mining
39:09 Two-Handed Swordsman
39:13 Capped Ram
40:03 Champion
40:53 Siege Ram
43:08 Iron Casting
42:48 Chain Mail Armor
56:07 Siege Engineers
58:53 Furor Celtica
59:05 Conscription
62:59 Pikeman
64:11 Halberdier
73:40 Caravan
75:59 Guilds
75:27 Elite Woad Raider
87:39 Plate Mail Armor
88:18 Blast Furnace
ingeJOTHAS
14:15 Feudal Age
43:50 Castle Age
45:01 Pikeman
45:03 Elite Skirmisher
45:04 Light Cavalry
51:46 Wheelbarrow
51:37 Double-Bit Axe
52:10 Fortified Wall
52:24 Forging
54:02 Iron Casting
53:33 Scale Barding Armor
54:34 Bow Saw
57:29 Husbandry
61:53 Imperial Age
63:17 Conscription
62:31 Halberdier
64:17 Blast Furnace
63:17 Scale Mail Armor
63:38 Chain Barding Armor
63:18 Murder Holes
63:14 Guard Tower
63:37 Masonry
63:07 Treadmill Crane
64:16 Padded Archer Armor
64:07 Fletching
65:35 Hand Cart
65:06 Town Watch
66:06 Coinage
65:36 Caravan
65:01 Cavalier
66:20 Paladin
67:38 Town Patrol
68:29 Elite Throwing Axeman
71:05 Stone Mining
71:53 Plate Barding Armor
71:33 Chain Mail Armor
71:14 Bodkin Arrow
71:35 Leather Archer Armor
71:52 Architecture
71:27 Siege Engineers
73:00 Hoardings
73:54 Arson
74:09 Squires
73:55 Gambesons
74:13 Chivalry
73:34 Ordonnance Companies
75:04 Banking
78:10 Plate Mail Armor
78:28 Loom
musoq
10:52 Feudal Age
17:28 Castle Age
16:44 Bloodlines
23:45 Light Cavalry
34:50 Imperial Age
32:26 Caravan
32:38 Horse Collar
32:48 Double-Bit Axe
33:39 Heavy Plow
38:01 Wheelbarrow
37:12 Loom
38:12 Hussar
39:35 Cavalier
40:15 Husbandry
44:51 Hand Cart
44:22 Town Watch
46:02 Crop Rotation
45:00 Man-at-Arms
45:01 Pikeman
46:17 Forging
46:08 Scale Mail Armor
46:09 Padded Archer Armor
45:59 Fletching
46:43 Elite Battle Elephant
50:28 Elite Ballista Elephant
56:17 Bow Saw
55:44 Heavy Scorpion
58:09 Long Swordsman
59:33 Heavy Cavalry Archer
60:39 Parthian Tactics
59:41 Two-Handed Swordsman
Connection lost

Rejoining the realm…

Still unreachable

The connection could not be restored.

Session expired

The server has moved on; the page needs a fresh start.